 Dungeon Crawl Stone Soup version 0.28-a0-751-gef3a642a4e (webtiles) character file.

Game seed: 7250009240641595446

578310 jdsmith2816 the Slayer (level 27, -16/237 HPs)
             Began as a Formicid Fighter on Oct 30, 2021.
             Was the Champion of the Shining One.
             Killed from afar by a frost giant (62 damage)
             ... with a bolt of cold
             ... on level 3 of the Depths on Oct 31, 2021.
             The game lasted 09:17:03 (80171 turns).

jdsmith2816 the Slayer (Formicid Fighter)          Turns: 80171, Time: 09:17:03

Health: -16/237    AC: 31    Str: 27    XL:     27
Magic:  41/41      EV:  6    Int: 20    God:    the Shining One [******]
Gold:   1814       SH: 27    Dex: 15    Spells: 52/55 levels left

rFire   + + .      SeeInvis +   a - +9 triple sword (holy)
rCold   . . .      Faith    .   D - +8 tower shield {rF+}
rNeg    + + +      Spirit   .   k - +8 orange crystal plate armour {Archmagi, Int+3 Clar}
rPois   .          Reflect  .   (helmet unavailable)
rElec   +          Harm     .   A - scarf {repulsion}
rCorr   +          Rampage  +   g - +2 pair of gloves
Will    ++...      Archmagi +   d - +2 pair of boots {rampage}
Stlth   .......... Clarity  +   v - amulet of regeneration
HPRegen 1.49/turn               C - ring "Keumy" {rF+ Str+3 Slay+2 Stlth+}
MPRegen 0.27/turn               K - ring "Jasme" {rElec rCorr Slay+4}

@: glowing, studying 6 skills, repel missiles
A: permanent stasis, dig shafts and tunnels, antennae 3, four strong arms, agile
2, no potion heal 1
}: 3/15 runes: decaying, serpentine, abyssal
a: Dig, Shaft Self, Renounce Religion, Divine Shield, Cleansing Flame, Summon
Divine Warrior


You were on level 3 of the Depths.
You worshipped the Shining One.
The Shining One was exalted by your worship.
You visited 13 branches of the dungeon, and saw 50 of its levels.
You visited the Abyss 3 times.
You also visited: Trove, Gauntlet, Ice Cave and Wizlab.

You collected 7011 gold pieces.
You spent 5197 gold pieces at shops.


Innate Abilities, Weirdness & Mutations

You cannot be hasted, slowed, berserked, paralysed or teleported.
You can dig through walls and to a lower floor.
You have a pair of large antennae on your head. (SInv)
Your four strong arms can wield two-handed weapons with a shield.
You are very agile. (Dex +4)
Potions are less effective at restoring your health.


   Skills:
 + Level 23.8 Fighting
 - Level 22.3 Long Blades
 + Level 23.2 Crossbows
 - Level 5.2 Armour
 - Level 5.0 Dodging
 - Level 1.1 Stealth
 - Level 15.0 Shields
 - Level 14.5 Spellcasting
 - Level 3.9 Conjurations
 * Level 18.8 Hexes
 - Level 5.0 Translocations
 - Level 15.9 Earth Magic
 - Level 15.0 Invocations
 - Level 5.3 Evocations


You had 52 spell levels left.
You knew the following spells:

 Your Spells              Type           Power      Damage    Failure   Level
o - Portal Projectile     Hex/Tloc       100%       N/A       5%          3

Your spell library contained the following spells:

 Spells                   Type           Power      Damage    Failure   Level
 Slow                     Hex            100%       N/A       1%          1
 Confusing Touch          Hex            94%        N/A       1%          3
 Tukima's Dance           Hex            94%        N/A       1%          3
 Leda's Liquefaction      Hex/Erth       45%        N/A       1%          4
 Dazzling Flash           Conj/Hex       100%       N/A       7%          3
 Ensorcelled Hibernation  Hex/Ice        100%       N/A       8%          2
 Lee's Rapid Deconstruct  Erth           43%        3d22*     10%         5
 Passwall                 Tmut/Erth      51%        N/A       14%         2
 Inner Flame              Hex/Fire       67%        N/A       16%         3
 Invisibility             Hex            47%        N/A       17%         6
 Fulminant Prism          Conj/Hex       37%        3d18      22%         4
 Apportation              Tloc           100%       N/A       32%         1
 Magic Dart               Conj           100%       1d8       43%         1
 Gell's Gravitas          Tloc           25%        N/A       67%         3
 Petrify                  Tmut/Erth      62%        N/A       67%         4
 Foxfire                  Conj/Fire      100%       2x1d9     73%         1
 Shock                    Conj/Air       100%       1d9       73%         1
 Metabolic Englaciation   Hex/Ice        33%        N/A       82%         5
 Silence                  Hex/Air        33%        N/A       82%         5
 Summon Mana Viper        Hex/Summ       67%        N/A       82%         5
 Yara's Violent Unravell  Hex/Tmut       33%        3d14      82%         5
 Static Discharge         Conj/Air       33%        N/A       86%         2
 Animate Skeleton         Necr           42%        N/A       94%         1
 Beastly Appendage        Tmut           42%        N/A       94%         1
 Freeze                   Ice            84%        1d10      94%         1
 Sting                    Tmut/Pois      84%        1d7       94%         1
 Summon Small Mammal      Summ           84%        N/A       94%         1
 Borgnjor's Vile Clutch   Necr/Erth      31%        N/A       95%         5
 Conjure Flame            Conj/Fire      33%        6-21      97%         3
 Passage of Golubria      Tloc           51%        N/A       97%         4
 Call Imp                 Summ           21%        N/A       98%         2
 Corpse Rot               Necr/Air       42%        N/A       98%         2
 Poisonous Vapours        Pois/Air       42%        N/A       98%         2
 Scorch                   Fire           42%        2d7       98%         2
 Sublimation of Blood     Necr           10%        N/A       98%         2
 Wereblood                Tmut           21%        N/A       98%         2
 Iskenderun's Mystic Bla  Conj/Tloc      48%        2d11      98%         4
 Mephitic Cloud           Conj/Pois/Air  29%        N/A       99%         3
 Iron Shot                Conj/Erth      34%        9d7       99%         6
 Call Canine Familiar     Summ           21%        N/A       100%        3
 Frozen Ramparts          Ice            42%        1d6       100%        3
 Ignite Poison            Fire/Tmut/Pois 21%        N/A       100%        3
 Ozocubu's Armour         Ice            21%        N/A       100%        3
 Spider Form              Tmut/Pois      10%        N/A       100%        3
 Vampiric Draining        Necr           10%        2d7       100%        3
 Airstrike                Air            10%        N/A       100%        4
 Animate Dead             Necr           10%        N/A       100%        4
 Dispel Undead            Necr           21%        3d11      100%        4
 Flame Wave               Conj/Fire      33%        3d7       100%        4
 Hailstorm                Conj/Ice       33%        3d8       100%        4
 Ice Form                 Ice/Tmut       21%        N/A       100%        4
 Olgreb's Toxic Radiance  Pois           21%        N/A       100%        4
 Sticky Flame             Conj/Fire      33%        2d5       100%        4
 Summon Ice Beast         Ice/Summ       21%        N/A       100%        4
 Agony                    Necr           21%        N/A       100%        5
 Alistair's Intoxication  Tmut/Pois      14%        N/A       100%        5
 Blade Hands              Tmut           10%        N/A       100%        5
 Excruciating Wounds      Necr           10%        N/A       100%        5
 Fireball                 Conj/Fire      16%        3d8       100%        5
 Irradiate                Conj/Tmut      16%        3d19      100%        5
 Iskenderun's Battlesphe  Conj           45%        2d10      100%        5
 Summon Forest            Summ/Tloc      18%        N/A       100%        5
 Conjure Ball Lightning   Conj/Air       16%        3x3d6     100%        6
 Death Channel            Necr           10%        N/A       100%        6
 Dispersal                Tloc           25%        N/A       100%        6
 Simulacrum               Ice/Necr       10%        N/A       100%        6
 Starburst                Conj/Fire      16%        6d6       100%        6
 Summon Cactus Giant      Summ           10%        N/A       100%        6
 Haunt                    Necr/Summ      10%        N/A       100%        7
 Malign Gateway           Summ/Tloc      18%        N/A       100%        7
 Monstrous Menagerie      Summ           10%        N/A       100%        7
 Orb of Destruction       Conj           22%        9d9       100%        7
 Ozocubu's Refrigeration  Ice            10%        4d7       100%        7
 Spellforged Servitor     Conj/Summ      16%        N/A       100%        7
 Borgnjor's Revivificati  Necr           10%        N/A       100%        8
 Discord                  Hex            47%        N/A       100%        8
 Disjunction              Tloc           25%        N/A       100%        8
 Ignition                 Fire           10%        3d5       100%        8
 Lehudib's Crystal Spear  Conj/Erth      34%        10d9      100%        8
 Necromutation            Tmut/Necr      10%        N/A       100%        8
 Summon Horrible Things   Summ           10%        N/A       100%        8
 Chain Lightning          Conj/Air       16%        3d22      100%        9
 Dragon's Call            Summ           10%        N/A       100%        9
 Fire Storm               Conj/Fire      16%        8d4       100%        9
 Shatter                  Erth           43%        3d34*     100%        9
 Swiftness                Air            Unusable   N/A       N/A         3

Inventory:

Hand Weapons
 a - a +9 triple sword of holy wrath (weapon)
 b - a +5 vorpal triple crossbow
Missiles
 m - 1314 bolts
Armour
 d - a +2 pair of boots of rampaging (worn)
 g - a +2 pair of gloves (worn)
 k - the +8 orange crystal plate armour (worn) {Archmagi, Int+3 Clar}
   (You bought it in a shop on level 2 of the Orcish Mines)

   Int:       It affects your intelligence (+3).
   Clar:      It protects you against confusion.
 y - a +2 cloak
 A - a scarf of repulsion (worn)
 D - a +8 tower shield of fire resistance (worn)
Magical Staves
 q - a staff of cold {!a}
Jewellery
 c - a ring of protection from cold
 j - an amulet of faith {!P}
 u - an amulet of reflection
 v - an amulet of regeneration (around neck)
 z - a ring of wizardry
 C - the ring "Keumy" (left hand) {rF+ Str+3 Slay+2 Stlth+}
   (You found it on level 3 of the Crypt)

   [ring of protection from fire]

   Str:       It affects your strength (+3).
   Slay:      It affects your accuracy & damage with ranged weapons and melee
   (+2).
   rF:        It protects you from fire.
   Stlth:     It makes you more stealthy.
 K - the ring "Jasme" (right hand) {rElec rCorr Slay+4}
   (You acquired it on level 3 of the Crypt)

   [ring of slaying]

   Slay:      It affects your accuracy & damage with ranged weapons and melee
   (+4).
   rElec:     It insulates you from electricity.
   rCorr:     It protects you from acid and corrosion.
 V - the ring "Axumox" {rPois Str+6}
   (You took it off a spriggan rider on level 4 of the Swamp)

   [ring of strength]

   Str:       It affects your strength (+6).
   rPois:     It protects you from poison.
 W - a ring of willpower
 Z - a ring of wizardry
Wands
 l - a wand of flame (207)
 p - a wand of paralysis (25)
 w - a wand of iceblast (84)
 G - a wand of acid (31)
Scrolls
 f - a scroll of enchant weapon
 h - 25 scrolls of identify {@r1}
 t - 4 scrolls of enchant armour
 x - 5 scrolls of immolation
 F - 2 scrolls of fear
 S - 2 scrolls of magic mapping
 U - 2 scrolls of silence {!r}
Potions
 e - a potion of brilliance
 i - 2 potions of magic
 n - 4 potions of ambrosia
 o - 6 potions of lignification
 r - 7 potions of flight
 s - 2 potions of might
 E - a potion of heal wounds {@q2}
 H - a potion of resistance
 J - 4 potions of mutation
 N - 2 potions of cancellation
 Q - 3 potions of curing {@q1}
Miscellaneous
 B - a lightning rod (4/4)
 I - a box of beasts
 O - a phial of floods
 Y - a phantom mirror

Dungeon Overview and Level Annotations

Branches:
Dungeon (15/15)            Temple (1/1) D:5            Lair (6/6) D:8
  Swamp (4/4) Lair:4        Snake (4/4) Lair:3        Slime (2/5) Lair:5
    Orc (2/2) D:10            Elf (3/3) Orc:2        Vaults (4/5) D:13
  Crypt (3/3) Vaults:2       Tomb (1/3) Crypt:3      Depths (4/4) D:15
   Hell (visited)             Dis (0/7) Hell            Geh (0/7) Hell
    Coc (0/7) Hell            Tar (0/7) Hell          IceCv (visited)
 WizLab (visited)         Gauntlet (visited)
    Zot: Depths:4

Altars:
Ashenzari
Cheibriados
Dithmenos
Elyvilon
Fedhas
Gozag
Hepliaklqana
Kikubaaqudgha
Makhleb
Nemelex Xobeh
Okawaru
Qazlal
Ru
Sif Muna
Trog
Uskayaw
Vehumet
Wu Jian
Xom
Yredelemnul
Zin
The Shining One
Beogh
Jiyva
Lugonu

Shops:
D:5 [   D:6 *   D:8 *   D:11 =   Orc:2 :[?[   Elf:2 !???   Snake:4 [[
Vaults:1 :   Vaults:3 !   Depths:1 *(   Depths:2 :==

Portals:
Hell: Depths:1 Depths:2 Depths:3
Abyss: Lair:3 Depths:2 Depths:3
Pandemonium: Depths:1 Depths:2
Ziggurat: Depths:3

Annotations:
D:2 Natasha
Snake:4 1 exclusion
Slime:2 Dissolution
Crypt:1 2 runed translucent doors, Zogul's ghost, veteran MiGl

,,,,,**,,,,,,,**▒▒.....▒▒▒.......
,********▒▒▒▒**▒▒▒▒▒.▒▒▒▒▒.......
*,*,,*,,,,...(,▒.......▒.▒.....##
,*,*,*,,,.▒...,▒.▒▒▒.▒.▒.▒.....##
,*,,**,,*...▒..▒.....▒.▒.▒.......
,***,*,,,,,..(.▒.▒.▒.▒.▒.▒.......
*,,,*,,*,,,,,▒CC.▒.▒...▒.▒...##..
,***,*,,,{,,,{,▒)▒.▒▒▒.▒.▒..#####
*,,,,*,,*,,,*{,▒@▒.......▒..#
,,,,,*,,,,*,,,,▒†▒.▒▒▒▒▒.▒..#
,,,,,*{,,,,,,,,▒........(▒.##
▒▒▒▒▒▒▒▒▒▒▒▒▒▒▒▒▒▒▒▒▒▒▒▒▒▒.#
..(........................#
...........######.........##
...........# ###########
...........# .........###


You could see a frost giant.


Message History

The golden dragon is almost dead.
You slice the golden dragon like a ripe choko!!!
You kill the golden dragon!
The rakshasa hits you from afar with a +0 trident.
The rakshasa weaves an illusion.
The rakshasa blinks!
No target in view!
A frost giant comes into view.
It is wielding a +0 battleaxe of freezing.
The frost giant points at you and mumbles some strange words.
The bolt of cold hits you! The frost giant casts a spell at you.
The bolt of cold hits you!!
You hear a shout!
The frost giant casts a spell at you. The bolt of cold hits you!!!
* * * LOW HITPOINT WARNING * * *
Items here: ))) [ ††††.
You slice the frost giant!!
The frost giant is moderately wounded.
The frost giant gestures at you while chanting.
The bolt of cold hits the frost giant!
The frost giant resists.
The bolt of cold hits you!!!
* * * LOW HITPOINT WARNING * * *
The frost giant hits you with a +0 battleaxe of freezing!
* * * LOW HITPOINT WARNING * * *
The frost giant freezes you.
* * * LOW HITPOINT WARNING * * *
The frost giant points at you and mumbles some strange words.
The bolt of cold hits you!!!
You die...

Skill      XL: |  1  2  3  4  5  6  7  8  9 10 11 12 13 14 15 16 17 18 19 20 21 22 23 24 25 26 27 |
---------------+----------------------------------------------------------------------------------+-----
Stealth        | 1 |  1.1
Long Blades    | 3 4 5 6 8 10 12 13 14 16 18 19 20 21 22 | 22.3
Armour         | 4 5 |  5.2
Fighting       | 4 5 6 8 10 11 12 14 17 18 19 21 23 | 23.8
Shields        | 6 13 15 | 15.0
Invocations    | 2 7 12 15 | 15.0
Dodging        | 3 5 |  5.0
Evocations     | 2 5 |  5.3
Earth Magic    | 3 10 13 15 | 15.9
Spellcasting   | 2 5 6 10 12 14 | 14.5
Conjurations   | 1 3 |  3.9
Crossbows      | 2 8 11 14 17 19 20 21 23 | 23.2
Translocations | 5 |  5.0
Hexes          | 6 18 | 18.8

Action                   |  1- 3 |  4- 6 |  7- 9 | 10-12 | 13-15 | 16-18 | 19-21 | 22-24 | 25-27 || total
-------------------------+-------+-------+-------+-------+-------+-------+-------+-------+-------++-------
Melee: Long sword        |   131 |    91 |   277 |   460 |   954 |   664 |       |       |       ||  2577
       Scimitar          |       |       |       |       |       |   616 |  1205 |   468 |       ||  2289
       Unarmed           |       |       |       |       |       |       |     4 |       |       ||     4
       Triple sword      |       |       |       |       |       |       |       |   619 |  1404 ||  2023
 Fire: Hunting sling     |       |       |       |   151 |    93 |       |       |       |       ||   244
       Triple crossbow   |       |       |       |       |       |       |   130 |   177 |   286 ||   593
Throw: Throwing net      |       |       |       |       |     1 |       |       |       |       ||     1
Invok: Summon Divine War |       |       |       |       |     7 |    16 |    19 |    10 |    20 ||    72
       Cleansing Flame   |       |       |       |       |     5 |    17 |    28 |     5 |    25 ||    80
       Divine Shield     |       |       |       |       |       |       |     2 |       |     1 ||     3
       Brand Weapon With |       |       |       |       |       |       |       |     1 |       ||     1
 Abil: Shaft Self        |     1 |       |     2 |     1 |       |       |       |       |       ||     4
       Dig               |       |       |     3 |     9 |     4 |    17 |     2 |     1 |     4 ||    40
Evoke: Wand              |       |       |     3 |     1 |     5 |     1 |       |       |     1 ||    11
       Box of beasts     |       |       |       |       |       |       |       |     1 |       ||     1
  Use: Scroll            |       |     9 |    10 |    10 |     7 |     9 |     6 |    14 |    12 ||    77
       Potion            |       |       |     5 |     7 |     2 |     8 |     7 |     4 |     9 ||    42
Armor: Scale mail        |    76 |    26 |    96 |    58 |       |       |       |       |       ||   256
       Skin              |       |       |    19 |    37 |       |       |       |       |       ||    56
       Ring mail         |       |       |       |    11 |   129 |       |       |       |       ||   140
       Plate armour      |       |       |       |       |    41 |   200 |   377 |    12 |       ||   630
       Robe              |       |       |       |       |       |    14 |       |       |       ||    14
       Chain mail        |       |       |       |       |       |    24 |       |       |       ||    24
       Crystal plate arm |       |       |       |       |       |       |       |   242 |   496 ||   738
Dodge: Dodged            |    67 |    43 |   108 |    58 |   188 |   178 |   161 |    76 |   142 ||  1021
       Repelled          |       |       |       |       |       |       |       |       |     4 ||     4
Block: Buckler           |    29 |    13 |    62 |    96 |       |       |       |       |       ||   200
       Reflection        |       |       |       |     2 |    14 |   225 |    12 |    50 |    11 ||   314
       Tower shield      |       |       |       |   171 |   892 |  1380 |  1229 |   931 |  1348 ||  5951
       Other             |       |       |       |       |       |       |     1 |       |       ||     1

Levels and vault maps discovered:
D:1:      lightli_arrival_flooded_house, layout_basic,
          shapermc_ecumenical_altar_mp_urbaneastern
D:2:      layout_loops_cross, minmay_fountain_box, uniq_natasha
D:3:      layout_loops_corners, mainiacjoe_overflow_brackets,
          gammafunk_ghost_nasty_kobolds, eino_tiny_chamber, kennysheep_boxes
D:4:      layout_cave_pods, chequers_arboretum
D:5:      layout_loops_ring, grunt_temple_overflow_open, temple_green,
          serial_shops, shop, uniq_sigmund
D:6:      layout_loops_ring, serial_shops, shop, kennysheep_generic_room_7,
          uniq_blork_the_orc
D:7:      layout_loops_ring, ashenzari_conservatory_becter
D:8:      minmay_inner_zag, layout_cave_pools, erik_lair_orcish_takeover,
          enter_ossuary_3, serial_shops, shop, minmay_guarded_unrand_finisher
D:9:      layout_roguey, mainiacjoe_overflow_concentric_impassable,
          hangedman_decor_push
D:10:     layout_basic, fedhas_ov_isle_minmay, nemelex_diamond_rough_becter,
          minmay_overflow_temple_star_hex, minmay_orc_entry_temple_small,
          minivault_16, uniq_fannar
D:11:     layout_grid_maze, serial_shops, nicolae_take_the_stairs
D:12:     layout_long_grid, gammafunk_ghost_hive, nicolae_trove_entry_diagonal
D:13:     layout_basic, david_vaults_1, gauntlet_entry_generic
D:14:     layout_basic
D:15:     hangedman_depths_entry_try_elsewhere_first, layout_irregular_city,
          nicolae_tso_carved_into_rock, elyvilon_altar_1
Temple:   jpeg_temple_island
Lair:1:   layout_loops_ring, st_stairs_4, infiniplex_staircase_pool
Lair:2:   layout_long_grid, beast_lair_carwin_3, grunt_megastairs_2
Lair:3:   layout_long_grid, minmay_snake_entry_spellcaster,
          gammafunk_ghost_abyssal_escape, basic_altar, columned_hall_lemuel,
          worms_lemuel, lemuel_fruit_fields, infiniplex_staircase_pool_2
Lair:4:   layout_cave_pods, minmay_swamp_entry_reptiles,
          hellmonk_ghost_happy_afterlife, lemuel_fruit_fields,
          grunt_megastairs_1
Lair:5:   layout_cave_pods, slime_altar_1, kennysheep_abandoned_house,
          grunt_megastairs_4
Lair:6:   minmay_lair_end_enchanted_forest, layout_misc_corridors,
          lemuel_fruit_fields, grunt_megastairs_5, lemuel_fruit_tree,
          serial_bayou_shore_a, uniq_rupert, uniq_snorg
Swamp:1:  layout_falls_marsh, evilmike_swamp_ruin_house_1,
          nicolae_swamp_no_escape, uniq_josephine, uniq_louise, uniq_kirke
Swamp:2:  layout_basic_swamp, evilmike_swamp_ruin_rubble_2
Swamp:3:  layout_basic_swamp, evilmike_swamp_ruin_house_5
Swamp:4:  swamp_alternative, layout_basic_swamp,
          gammafunk_ghost_wrathful_warriors, swamp_pool1
Snake:1:  cheibrodos_toxic_ritual, layout_grid_shapes, uniq_asterion
Snake:2:  layout_rooms, gammafunk_ghost_cemetery, st_stairs_5
Snake:3:  layout_onion_interference, basic_altar,
          portal_ice_cave_entry_ugly_swarm, grunt_ministairs_5,
          serial_bayou_ford_a, serial_bayou_lake_a, uniq_azrael
Snake:4:  minmay_snake_end_coiled, layout_misc_corridors, minmay_shop_star
Slime:1:  layout_caves
Slime:2:  layout_caves, cheibrodos_slime_lost_civilization_4, uniq_dissolution
Orc:1:    layout_caves, uniq_urug, uniq_erolcha, uniq_sonja
Orc:2:    st_orc_rangers, layout_caves, basic_altar
Elf:1:    layout_gridlike, minmay_elf_crystal_heptagon
Elf:2:    nicolae_elf_blades_splatter_lattice [mumra_blade_entry_dagger],
          layout_geoelf_octagon, serial_shops, nicolae_square_shop,
          nicolae_shop_crystal, nicolae_shop_statue_plus, nicolae_shop_crystal
Elf:3:    elf_hall, layout_rooms, hangedman_elf_power_crystal, uniq_mara
Vaults:1: portal_desolation_entry_nicolae_slug, ontoclasm_vaults_ring_square,
          v_misc_30, nicolae_vaults_big_angled_halls,
          ontoclasm_vaults_claustrophobia, v_misc_5,
          nicolae_vaults_little_squares_4, nicolae_vaults_ring_of_whatevers,
          layout_vaults_omnigrid, serial_shops, nicolae_shop_stone
Vaults:2: nicolae_vaults_network_star, vaults_room_corners,
          nicolae_vaults_asterisk, nicolae_vaults_twisting_passages,
          minmay_crypt_entry_simple_walls, vaults_standard_mumra_x,
          nicolae_vaults_little_squares_6, ontoclasm_vaults_twist,
          vaults_standard_mumra_enter_the_diamond, grunt_vaults_funnel,
          ontoclasm_vaults_gateway, nicolae_vaults_branching_niches,
          vaults_room_door_ring, nicolae_vaults_back_hallway,
          layout_vaults_maze_bifur
Vaults:3: nicolae_vaults_theta, nicolae_vaults_mini_display_case,
          ontoclasm_vaults_hangar, v_misc_15, v_alt_pattern_4, vaults_room_pool,
          vaults_room_glass_cross, nicolae_vaults_theta, serial_ice_m,
          layout_vaults_omnicross, serial_shops, shop_fountains
Vaults:4: st_lines, v_misc_33, ontoclasm_vaults_tryst, v_misc_30,
          v_alt_pattern_2, nicolae_vaults_stairing_the_circle, v_misc_22,
          vaults_room_corners, vaults_mumra_hex, layout_vaults_ring, uniq_xtahua
Crypt:1:  layout_misc_corridors, ebering_ghost_disaster_area,
          lemuel_statue_altar, grunt_crypt_arrival_split
Crypt:2:  layout_misc_corridors, grunt_ministairs_11, st_stairs_6, uniq_boris,
          uniq_jory
Crypt:3:  due_elkab, layout_chaotic_city, nicolae_tomb_entry_rubble_hallway,
          ebering_ghost_inner_flame, moated_statue
Tomb:1
Depths:1: layout_basic, minmay_misc_feat_chi, mu_enter_wizlab_3,
          hangedman_coc_ice_floe, grunt_pan_entry_in_and_out,
          minmay_misc_feat_tiny, st_stairs_3, kiku_gazebo_pond_becter,
          serial_bayou_shore_b, minmay_shoptagon
Depths:2: nzn_winding_woodlands_stair_cross
          [nzn_winding_woodlands_5x15_pathside_ponds,
          nzn_winding_woodlands_center_triple_pond,
          nzn_winding_woodlands_5x15_concentric,
          nzn_winding_woodlands_5x5_perimeter,
          nzn_winding_woodlands_5x5_open_star,
          nzn_winding_woodlands_5x15_sidewinder,
          nzn_winding_woodlands_center_garden,
          nzn_winding_woodlands_5x15_jagged], layout_basic,
          grunt_pan_entry_sceptre, nicolae_uskayaw_dance_hall,
          abyss_entry_flame_altar, grunt_hell_entry_dis_old, minmay_shop_grove
Depths:3: minmay_the_grid_3x3 [minmay_the_grid_square_x, minmay_the_grid_paths,
          minmay_the_grid_tree, minmay_the_grid_doors, minmay_the_grid_plusring,
          minmay_the_grid_expand, minmay_the_grid_pillar_ring,
          minmay_the_grid_holed_spiral, minmay_the_grid_prize_inner_circle],
          layout_cross, enter_ziggurat_a, abyss_entry_glasseish,
          pf_vacation_house_of_asmodeus
Depths:4: grunt_profane_halls [grunt_profane_temple_tar,
          grunt_profane_temple_geh, grunt_profane_temple_dis,
          grunt_profane_temple_coc, grunt_zot_portal], abyss_entry, hell_entry
Hell

Notes
Turn   | Place    | Note
-------+----------+-------------------------------------------
     0 | D:1      | jdsmith2816 the Formicid Fighter began the quest for the
                  | Orb.
     0 | D:1      | Reached XP level 1. HP: 18/18 MP: 1/1
   265 | D:1      | Reached XP level 2. HP: 24/24 MP: 2/2
   350 | D:1      | Found a faded altar of an unknown god.
   546 | D:1      | Reached skill level 1 in Stealth
  1014 | D:1      | Reached XP level 3. HP: 29/29 MP: 3/3
  1189 | D:2      | Noticed Natasha
  1304 | D:3      | Found a glowing golden altar of the Shining One.
  1324 | D:3      | Became a worshipper of the Shining One
  1498 | D:3      | Reached skill level 3 in Long Blades
  1905 | D:2      | You fall into a shaft and drop 2 floors!
  1977 | D:4      | Reached XP level 4. HP: 31/37 MP: 4/4
  2210 | D:4      | Reached skill level 4 in Armour
  2573 | D:4      | Reached XP level 5. HP: 42/42 MP: 5/5
  3088 | D:3      | Reached skill level 4 in Fighting
  3088 | D:3      | Reached skill level 4 in Long Blades
  3515 | D:3      | Found a runed translucent gate.
  3516 | D:3      | Found a runed translucent gate.
  3517 | D:3      | Found a runed translucent gate.
  3519 | D:3      | Noticed a kobold brigand
  3521 | D:3      | Noticed ytrimaz's ghost (amateur DsFi)
  3615 | D:3      | Reached XP level 6. HP: 28/48 MP: 6/6
  4127 | D:5      | Entered Level 5 of the Dungeon
  4135 | D:5      | Noticed an ogre
  4190 | D:5      | Noticed an ogre
  4405 | D:5      | Found Omae's Armour Shop.
  4415 | D:5      | Reached skill level 5 in Long Blades
  4418 | D:5      | Bought a +0 cloak for 58 gold pieces
  4513 | D:5      | Identified a +1 robe of resistance
  4513 | D:5      | Noticed Sigmund
  4520 | D:4      | Reached * piety under the Shining One
  4521 | D:4      | Reached XP level 7. HP: 50/55 MP: 7/7
  4578 | D:5      | You are sucked into a shaft and drop 3 floors!
  4578 | D:8      | Found a sand-covered staircase.
  4774 | D:6      | Reached skill level 5 in Armour
  4890 | D:6      | Reached skill level 5 in Fighting
  4893 | D:6      | Noticed Blork the orc
  4981 | D:7      | Reached skill level 6 in Long Blades
  5403 | D:7      | Reached XP level 8. HP: 45/62 MP: 8/8
  5775 | D:6      | Reached skill level 6 in Fighting
  5775 | D:6      | Reached skill level 7 in Long Blades
  5911 | D:6      | Found Lyd Gump's General Store.
  5982 | D:6      | Reached ** piety under the Shining One
  6011 | D:6      | Killed Blork the orc
  6681 | D:5      | Found a white marble altar of Elyvilon.
  6682 | D:5      | Found a burning altar of Makhleb.
  6684 | D:5      | Found a hide-covered altar of Uskayaw.
  6816 | D:6      | Reached skill level 8 in Long Blades
  7102 | D:6      | Reached XP level 9. HP: 71/71 MP: 9/9
  7400 | D:7      | Noticed a gargoyle
  7500 | D:7      | Reached skill level 7 in Fighting
  7525 | D:7      | Found a broken altar of Ashenzari.
  7727 | D:8      | Found Eceniod's Assorted Antiques.
  8104 | D:8      | Reached skill level 9 in Long Blades
  8297 | D:8      | Found a staircase to the Lair.
  8546 | D:8      | You are sucked into a shaft and drop 3 floors!
  8555 | D:11     | Found Pitokhlul's Jewellery Shop.
  8727 | D:11     | Noticed a two-headed ogre
  8738 | D:10     | Entered Level 10 of the Dungeon
  8739 | D:10     | Found a blossoming altar of Fedhas.
  8750 | D:9      | Found an opulent altar of Gozag.
  8818 | D:9      | Noticed a troll
  8818 | D:9      | Reached *** piety under the Shining One
  8851 | D:9      | You are sucked into a shaft and drop 1 floor!
  9560 | D:6      | Found Lyd Gump's General Store.
  9981 | D:5      | Reached skill level 8 in Fighting
 10110 | D:5      | Killed Sigmund
 10111 | D:5      | Reached skill level 10 in Long Blades
 10181 | D:5      | Found a staircase to the Ecumenical Temple.
 10188 | Temple   | Entered the Ecumenical Temple
 11167 | D:5      | Reached XP level 10. HP: 77/82 MP: 10/10
 11985 | D:8      | Identified the +4 ring mail "Munur" {Rampage *Slow MP+9
                  | Stlth+}
 11994 | D:8      | Reached skill level 11 in Long Blades
 12024 | D:8      | Reached skill level 9 in Fighting
 12160 | D:8      | Noticed a skeletal warrior
 12160 | D:8      | Found the +5 scythe "Finisher" {speed, eviscerate}
 12234 | D:8      | You are sucked into a shaft and drop 3 floors!
 12440 | D:11     | Gained mutation: You sometimes lose the ability to read
                  | scrolls when taking damage. [potion of mutation]
 12440 | D:11     | Gained mutation: You have hidden genetic potential. [potion
                  | of mutation]
 12855 | D:7      | Found a broken altar of Ashenzari.
 13238 | Lair:1   | Entered Level 1 of the Lair of Beasts
 13301 | Lair:1   | Noticed a cane toad
 13318 | Lair:1   | Killed a cane toad
 13627 | Lair:1   | Reached skill level 4 in Shields
 13698 | Lair:1   | Noticed a black mamba
 13712 | Lair:1   | Killed a black mamba
 13713 | Lair:1   | Reached skill level 12 in Long Blades
 13714 | Lair:1   | Reached skill level 5 in Shields
 13979 | Lair:1   | You fall into a shaft and drop 1 floor!
 13979 | Lair:2   | Noticed a komodo dragon
 13979 | Lair:2   | Noticed a death yak
 13979 | Lair:2   | Noticed a death yak
 13979 | Lair:2   | Noticed a death yak
 13979 | Lair:2   | Noticed a death yak
 13979 | Lair:2   | Noticed a death yak
 13984 | Lair:2   | Noticed a cane toad
 14024 | Lair:3   | Killed a cane toad
 14031 | Lair:3   | Reached skill level 10 in Fighting
 14031 | Lair:3   | Reached skill level 6 in Shields
 14031 | Lair:3   | Reached XP level 11. HP: 56/90 MP: 11/11
 14361 | Lair:3   | Noticed a four-headed hydra
 14377 | Lair:3   | Reached skill level 7 in Shields
 14435 | Lair:3   | Found a bloodstained altar of Trog.
 14467 | Lair:3   | Reached skill level 1 in Invocations
 14475 | Lair:3   | Gained mutation: You are agile. (Dex +2) [hidden potential]
 14520 | Lair:3   | Found a transporter.
 14525 | Lair:3   | Noticed a hell hog
 14525 | Lair:3   | Noticed a thrashing horror
 14527 | Lair:3   | Reached **** piety under the Shining One
 14536 | Lair:3   | Found a one-way gate to the infinite horrors of the Abyss.
 14551 | Lair:3   | Found a staircase to the Snake Pit.
 14578 | Lair:2   | Got Reutsouw's Reference Book on Confrontation and
                  | Displacement
 14599 | Lair:2   | Identified the +0 falchion "Udud" {spect, *Slow rPois
                  | Str+4}
 14626 | Lair:2   | Reached skill level 2 in Invocations
 14632 | Lair:2   | Reached skill level 13 in Long Blades
 14632 | Lair:2   | Reached skill level 8 in Shields
 14855 | Lair:2   | Identified a scroll of acquirement
 14856 | Lair:2   | Acquired a +2 tower shield of fire resistance
 14995 | Lair:2   | Killed a death yak
 14996 | Lair:2   | Reached skill level 10 in Shields
 15100 | Lair:2   | Killed a death yak
 15101 | Lair:2   | Reached skill level 11 in Shields
 15181 | Lair:2   | Reached skill level 12 in Shields
 15289 | D:9      | Identified the +4 hunting sling of Zullosh {venom, Will-
                  | Int+3 Stlth+}
 15442 | D:9      | Noticed a two-headed ogre
 15455 | D:9      | Killed a two-headed ogre
 15456 | D:9      | Reached skill level 13 in Shields
 15844 | D:9      | Reached XP level 12. HP: 97/97 MP: 13/13
 15882 | D:9      | Reached skill level 14 in Shields
 16003 | D:10     | Found a staircase to the Orcish Mines.
 16059 | D:10     | Identified the +1 ring mail of Time Monsters {+Inv rN+++
                  | Str+4 Int-5 Dex+2}
 17197 | D:10     | Reached skill level 15 in Shields
 17346 | D:10     | Found a sparkling altar of Nemelex Xobeh.
 17385 | D:10     | Found an ornate altar of the Wu Jian Council.
 17392 | D:10     | Found a bloodstained altar of Trog.
 17398 | D:10     | Found an ancient bone altar of Kikubaaqudgha.
 17398 | D:10     | Found an iron altar of Okawaru.
 17404 | D:10     | Found a hazy altar of Hepliaklqana.
 17465 | D:10     | Noticed Fannar
 17477 | D:10     | Killed Fannar
 17478 | D:10     | Reached skill level 1 in Dodging
 17478 | D:10     | Reached skill level 3 in Invocations
 17479 | D:10     | Gained mutation: You are very agile. (Dex +4) [hidden
                  | potential]
 17479 | D:10     | Lost mutation: You have hidden genetic potential. [hidden
                  | potential expressed]
 17677 | Orc:1    | Entered Level 1 of the Orcish Mines
 17677 | Orc:1    | Noticed Erolcha
 17677 | Orc:1    | Identified a +2 robe of the Archmagi
 17885 | Lair:1   | Reached skill level 2 in Dodging
 17885 | Lair:1   | Reached skill level 4 in Invocations
 18256 | Lair:3   | Killed a death yak
 18262 | Lair:3   | Reached ***** piety under the Shining One
 18326 | Lair:3   | Noticed a spriggan rider
 18467 | Lair:2   | Noticed a boulder beetle
 18488 | Lair:2   | Killed a boulder beetle
 18489 | Lair:2   | Reached skill level 14 in Long Blades
 18489 | Lair:2   | Reached skill level 3 in Dodging
 18489 | Lair:2   | Reached skill level 5 in Invocations
 18605 | Lair:2   | Killed a death yak
 18606 | Lair:2   | Reached skill level 1 in Evocations
 18675 | Lair:2   | Killed a death yak
 18676 | Lair:2   | Reached skill level 6 in Invocations
 18835 | Lair:3   | Noticed Asuyte's ghost (journeyman VSVM)
 18880 | Lair:3   | Found a transporter.
 18906 | Lair:3   | Reached skill level 2 in Evocations
 19107 | Lair:3   | Reached skill level 7 in Invocations
 19107 | Lair:3   | Reached XP level 13. HP: 103/103 MP: 18/18
 19262 | Lair:4   | Reached skill level 4 in Dodging
 19285 | Lair:4   | Found a runed translucent door.
 19285 | Lair:4   | Noticed Jysajome's ghost (adept OgCj)
 19311 | Lair:4   | Reached skill level 3 in Evocations
 19470 | Lair:4   | Reached skill level 8 in Invocations
 19564 | Lair:4   | Noticed a five-headed hydra
 19569 | Lair:4   | Killed a five-headed hydra
 19843 | Lair:4   | Reached skill level 4 in Evocations
 19851 | Lair:4   | Found a staircase to the Swamp.
 20462 | Lair:5   | Reached skill level 9 in Invocations
 20468 | Lair:5   | Reached skill level 5 in Dodging
 20526 | Lair:5   | Reached skill level 5 in Evocations
 20539 | Lair:5   | Reached skill level 10 in Invocations
 20770 | Lair:5   | Found a viscous altar of Jiyva.
 20770 | Lair:5   | Found a staircase to the Slime Pits.
 20968 | Lair:5   | Noticed a four-headed hydra
 20981 | Lair:5   | Killed a seven-headed hydra
 21261 | Lair:6   | Entered Level 6 of the Lair of Beasts
 21305 | Lair:5   | Reached skill level 11 in Invocations
 21360 | Lair:6   | Noticed Rupert
 21367 | Lair:6   | Killed Rupert
 21516 | Lair:6   | Reached skill level 11 in Fighting
 21548 | Lair:6   | Reached skill level 12 in Invocations
 21584 | Lair:5   | Reached XP level 14. HP: 110/113 MP: 23/23
 21836 | Lair:6   | Reached skill level 13 in Invocations
 22067 | Lair:6   | Identified the +6 leather armour "Quh Neol" {Int+4}
 22130 | Lair:6   | Reached skill level 12 in Fighting
 22183 | Lair:6   | Reached skill level 14 in Invocations
 22695 | Lair:6   | Noticed Snorg
 22715 | Lair:6   | Killed Snorg
 23667 | D:11     | Reached skill level 15 in Invocations
 24070 | D:11     | Reached skill level 1 in Earth Magic
 24155 | D:12     | Reached skill level 1 in Spellcasting
 24155 | D:12     | Reached skill level 2 in Earth Magic
 24447 | D:12     | Found a transporter.
 24451 | D:12     | Found a transporter.
 24545 | D:12     | Found a portal to a secret trove of treasure.
 24820 | D:12     | Noticed Hypnoxylon's ghost (journeyman HOMo)
 24965 | Lair:2   | Reached skill level 3 in Earth Magic
 25041 | Swamp:1  | Entered Level 1 of the Swamp
 25076 | Swamp:1  | Reached skill level 2 in Spellcasting
 25076 | Swamp:1  | Reached XP level 15. HP: 120/122 MP: 26/26
 25189 | Snake:1  | Entered Level 1 of the Snake Pit
 25199 | Snake:1  | Reached skill level 4 in Earth Magic
 25600 | Snake:1  | Reached skill level 5 in Earth Magic
 25784 | Snake:1  | Reached skill level 13 in Fighting
 25851 | Snake:1  | Reached skill level 3 in Spellcasting
 25973 | Snake:1  | Reached skill level 6 in Earth Magic
 26023 | Snake:1  | Found a runed translucent door.
 26177 | Snake:1  | Reached skill level 4 in Spellcasting
 26177 | Snake:1  | Reached skill level 7 in Earth Magic
 26364 | Snake:1  | Noticed Asterion
 26371 | Snake:1  | Noticed a cacodemon
 26374 | Snake:1  | Killed Asterion
 26375 | Snake:1  | Reached skill level 8 in Earth Magic
 27187 | Lair:3   | Reached skill level 5 in Spellcasting
 27205 | Lair:3   | Reached skill level 9 in Earth Magic
 27212 | Lair:3   | Got Lugonu's Almanac of the Traveller
 27232 | Lair:3   | Killed Asuyte's ghost
 27841 | D:3      | Killed ytrimaz's ghost
 28227 | D:5      | Bought a +3 plate armour of fire resistance for 585 gold
                  | pieces
 28416 | D:11     | Bought a ring of willpower for 325 gold pieces
 28641 | D:5      | Bought a +0 pair of gloves for 58 gold pieces
 28842 | D:10     | Killed Erolcha
 28843 | D:10     | Reached skill level 1 in Conjurations
 29086 | Orc:2    | Entered Level 2 of the Orcish Mines
 29086 | Orc:2    | Found a staircase to the Elven Halls.
 29138 | Orc:2    | Reached skill level 14 in Fighting
 29186 | Orc:2    | Reached skill level 10 in Earth Magic
 29229 | Orc:2    | Reached XP level 16. HP: 133/133 MP: 27/27
 29858 | Orc:2    | Reached skill level 2 in Conjurations
 30347 | Orc:1    | Noticed Sonja
 30532 | Orc:2    | Found Liptuj's Antique Armour Emporium.
 30532 | Orc:2    | Found Yticla's Magic Scroll Shop.
 30534 | Orc:2    | Found Ful Pahi's Armour Boutique.
 30536 | Orc:2    | Found Jeusats's Book Shoppe.
 30660 | Orc:1    | Noticed Urug
 30700 | Orc:1    | Killed Urug
 30754 | Orc:1    | Reached skill level 11 in Earth Magic
 30874 | Orc:1    | Killed Sonja
 30875 | Orc:1    | Reached skill level 3 in Conjurations
 31172 | Elf:1    | Entered Level 1 of the Elven Halls
 32325 | Elf:1    | Reached skill level 12 in Earth Magic
 33248 | Elf:1    | Noticed a deep elf sorcerer
 33264 | Elf:1    | Killed a deep elf sorcerer
 34059 | Slime:1  | Entered Level 1 of the Pits of Slime
 34059 | Slime:1  | Noticed an acid blob
 34156 | Swamp:1  | Reached ****** piety under the Shining One
 34156 | Swamp:1  | Noticed a thorn hunter
 34163 | Swamp:1  | Reached skill level 13 in Earth Magic
 34454 | Swamp:1  | Killed a thorn hunter
 34474 | Swamp:1  | Noticed Josephine
 34483 | Swamp:1  | Killed Josephine
 34484 | Swamp:1  | Reached XP level 17. HP: 80/140 MP: 26/28
 35339 | Snake:2  | Reached skill level 15 in Long Blades
 35404 | Snake:2  | You fall into a shaft and drop 1 floor!
 35479 | Snake:3  | Reached skill level 14 in Earth Magic
 35572 | Snake:3  | Found a frozen archway.
 35610 | IceCv    | Entered an ice cave
 36223 | IceCv    | Found an ancient bone altar of Kikubaaqudgha.
 36262 | IceCv    | Reached skill level 15 in Earth Magic
 36365 | IceCv    | Noticed a lich
 36372 | IceCv    | Killed a lich
 36373 | IceCv    | Reached skill level 16 in Long Blades
 37797 | Snake:2  | Found a runed translucent gate.
 37797 | Snake:2  | Found a runed translucent gate.
 37798 | Snake:2  | Found a runed translucent gate.
 37799 | Snake:2  | Noticed Affed's ghost (adept TrGl)
 37799 | Snake:2  | Noticed Bykhliel's ghost (adept SpEn)
 37801 | Snake:2  | Noticed Xayl's ghost (journeyman GnWz)
 37932 | Snake:2  | Reached skill level 1 in Crossbows
 38796 | Snake:3  | Reached skill level 2 in Crossbows
 38846 | Snake:3  | Reached XP level 18. HP: 147/147 MP: 29/29
 38943 | Snake:3  | Noticed Azrael
 39043 | Snake:3  | Reached skill level 3 in Crossbows
 39410 | Snake:3  | Reached skill level 4 in Crossbows
 39471 | Snake:3  | Reached skill level 17 in Long Blades
 39598 | Snake:3  | Killed Azrael
 40027 | Snake:3  | Found a blossoming altar of Fedhas.
 40168 | Snake:3  | Reached skill level 5 in Crossbows
 40297 | Snake:4  | Entered Level 4 of the Snake Pit
 40711 | Snake:4  | Reached skill level 6 in Crossbows
 40826 | Snake:4  | Found Fyklokek's Antique Armour Emporium.
 40831 | Snake:4  | Found Erho's Armour Emporium.
 41703 | Snake:4  | Reached skill level 7 in Crossbows
 42090 | Snake:4  | Reached skill level 18 in Long Blades
 42558 | Snake:4  | You are cast into the Abyss!
 42558 | Snake:4  | Cast into level 1 of the Abyss (naga mage)
 42712 | Abyss:1  | Reached skill level 8 in Crossbows
 43015 | Abyss:1  | Reached XP level 19. HP: 130/153 MP: 30/30
 43205 | Abyss:1  | Noticed a lich
 43209 | Abyss:1  | Killed a lich
 43217 | Abyss:1  | Reached skill level 9 in Crossbows
 43601 | Abyss:3  | Found a corrupted altar of Lugonu.
 43735 | Abyss:3  | Reached skill level 10 in Crossbows
 43853 | Abyss:3  | Reached skill level 19 in Long Blades
 43871 | Abyss:3  | Got an abyssal rune of Zot
 43908 | Abyss:3  | Lost mutation: You sometimes lose the ability to read
                  | scrolls when taking damage. [a neqoxec]
 44023 | Abyss:3  | Found a corrupted altar of Lugonu.
 44027 | Snake:4  | You pass through the gate.
 44027 | Snake:4  | Escaped the Abyss
 44217 | Snake:4  | Reached skill level 11 in Crossbows
 44294 | Snake:4  | Got a serpentine rune of Zot
 44703 | D:12     | You showed the abyssal rune of Zot to enter a treasure
                  | trove
 44704 | Trove    | Entered a treasure trove
 44719 | Trove    | Got the Papyrus of Ghastly Transmutation
 44736 | Trove    | Got Sif Muna's Disquisition on the Escort and Dark Secrets
 44767 | Trove    | Got Ugeroc's Handbook of Supportive Beguiling
 44910 | D:13     | Found a gate leading to a gauntlet.
 44915 | Gauntlet | Entered a Gauntlet
 44915 | Gauntlet | Found a transporter.
 44918 | Gauntlet | Found a transporter.
 44920 | Gauntlet | Found a transporter.
 44935 | Gauntlet | Found a transporter.
 44945 | Gauntlet | Found a transporter.
 44965 | Gauntlet | Found a transporter.
 44974 | Gauntlet | Found a large runed translucent door.
 44975 | Gauntlet | Found a large runed translucent door.
 44976 | Gauntlet | Found a large runed translucent door.
 44977 | Gauntlet | Found a runed translucent gate.
 44978 | Gauntlet | Found a transporter.
 44978 | Gauntlet | Found a runed translucent gate.
 44979 | Gauntlet | Found a runed translucent gate.
 44981 | Gauntlet | Found a large runed translucent door.
 44982 | Gauntlet | Found a large runed translucent door.
 44989 | Gauntlet | Found a large runed translucent door.
 44990 | Gauntlet | Found a large runed translucent door.
 44990 | Gauntlet | Found a large runed translucent door.
 44991 | Gauntlet | Found a large runed translucent door.
 44991 | Gauntlet | Found a large runed translucent door.
 44991 | Gauntlet | Found a runed translucent door.
 44991 | Gauntlet | Found a runed translucent door.
 44992 | Gauntlet | Found a large runed translucent door.
 44993 | Gauntlet | Found a large runed translucent door.
 44995 | Gauntlet | Found a transporter.
 44999 | Gauntlet | Found a transporter.
 45002 | Gauntlet | Found a large runed translucent door.
 45002 | Gauntlet | Found a large runed translucent door.
 45011 | Gauntlet | Found a transporter.
 45025 | Gauntlet | Found the amulet of the Four Winds {rN+ Will+++ Clar}
 45032 | Gauntlet | Found a large runed translucent door.
 45032 | Gauntlet | Found a large runed translucent door.
 45033 | Gauntlet | Found a transporter.
 45033 | Gauntlet | Found a transporter.
 45248 | Gauntlet | Identified the ring "Jesohaf" {+Blink MP-9 Str+6 Int+5
                  | Stlth+}
 45361 | Gauntlet | Reached XP level 20. HP: 159/160 MP: 24/31
 45365 | Gauntlet | Identified the ring of Lotoshrey {+Blink Dex+6}
 45378 | Gauntlet | Identified the +9 hand crossbow of Tumult {venom, Will-
                  | rCorr Str+4}
 45956 | D:13     | Found a gate to the Vaults.
 46449 | D:14     | Reached skill level 12 in Crossbows
 46956 | D:15     | Entered Level 15 of the Dungeon
 47202 | D:15     | Reached skill level 20 in Long Blades
 47446 | D:15     | Found a white marble altar of Elyvilon.
 47568 | D:15     | Found a staircase to the Depths.
 47712 | D:15     | Found a glowing golden altar of the Shining One.
 48548 | Elf:2    | Found Vuagh's Magic Scroll Boutique.
 48697 | Elf:2    | Found a runed translucent gate.
 48697 | Elf:2    | Found a runed translucent gate.
 48697 | Elf:2    | Found a runed translucent gate.
 48759 | Elf:2    | Reached skill level 13 in Crossbows
 48759 | Elf:2    | Found Anapyd's Distillery.
 48802 | Elf:2    | Found Sammeogyom's Magic Scroll Emporium.
 48823 | Elf:2    | Found Nowuib's Magic Scroll Shoppe.
 49311 | Elf:2    | Identified the +3 tower shield of Puviemyu {rF+}
 49904 | Snake:1  | Reached skill level 14 in Crossbows
 50097 | Snake:2  | Killed Bykhliel's ghost
 50108 | Snake:2  | Killed Affed's ghost
 50120 | Snake:2  | Killed Xayl's ghost
 50486 | Lair:4   | Killed Jysajome's ghost
 50925 | Swamp:1  | Reached XP level 21. HP: 166/166 MP: 32/32
 51068 | Swamp:1  | Noticed Kirke
 51194 | Swamp:1  | Killed Kirke
 51390 | Swamp:1  | Noticed Louise
 51404 | Swamp:1  | Killed Louise
 51827 | Swamp:2  | Reached skill level 15 in Crossbows
 52470 | Swamp:3  | Reached skill level 21 in Long Blades
 52752 | Swamp:4  | Entered Level 4 of the Swamp
 52827 | Swamp:4  | Found a bloodstained altar of Trog.
 52827 | Swamp:4  | Noticed AttackTheMoon's ghost (journeyman VSBe)
 52830 | Swamp:4  | Found a transporter.
 52876 | Swamp:4  | Identified the ring "Axumox" {rPois Str+6}
 53041 | Swamp:4  | Found a transporter.
 53071 | Swamp:4  | Reached skill level 16 in Crossbows
 53072 | Swamp:4  | Killed AttackTheMoon's ghost
 53905 | Swamp:4  | Got a decaying rune of Zot
 54511 | Vaults:1 | Entered Level 1 of the Vaults
 54582 | Depths:1 | Entered Level 1 of the Depths
 54582 | Depths:1 | Found a gateway to Hell.
 54742 | Depths:1 | Reached skill level 17 in Crossbows
 54843 | Depths:1 | Reached XP level 22. HP: 129/173 MP: 33/33
 54846 | Depths:1 | Found Ileunocs's Antique Weapon Boutique.
 54846 | Depths:1 | Found Omonen's Assorted Antiques.
 54884 | Depths:1 | Found a magical portal.
 54940 | WizLab   | Entered Yara's Duelist Academy
 55134 | WizLab   | Noticed Ehanenn
 55142 | WizLab   | Killed Ehanenn the Head Instructor
 55166 | WizLab   | Identified a potion of resistance
 55247 | WizLab   | Got Yara's Compendium of Bewitchment
 55758 | Orc:2    | Bought the +8 orange crystal plate armour {Archmagi, Int+3
                  | Clar} for 2167 gold pieces
 55758 | Orc:2    | Found the +8 orange crystal plate armour {Archmagi, Int+3
                  | Clar}
 56208 | Hell     | Entered the Vestibule of Hell
 56208 | Hell     | Noticed Geryon
 56317 | D:15     | Reached skill level 18 in Crossbows
 56592 | Depths:1 | Found an ancient bone altar of Kikubaaqudgha.
 56702 | Depths:1 | Reached skill level 22 in Long Blades
 57159 | Depths:1 | Found a one-way gate leading to the halls of Pandemonium.
 57568 | Lair:3   | Voluntarily entered the Abyss.
 57574 | Abyss:1  | Noticed a bone dragon
 57586 | Abyss:1  | Killed a bone dragon
 57825 | Abyss:1  | Found a corrupted altar of Lugonu.
 58170 | Abyss:1  | Reached skill level 19 in Crossbows
 58226 | Abyss:1  | Gained mutation: Potions are less effective at restoring
                  | your health. [a shining eye]
 58289 | Lair:3   | You pass through the gate.
 58289 | Lair:3   | Escaped the Abyss
 58296 | Lair:3   | Identified a +9 triple sword of holy wrath (a +7 antimagic
                  | triple sword blessed by the Shining One)
 58296 | Lair:3   | Received a gift from the Shining One
 58592 | D:12     | Killed Hypnoxylon's ghost
 58616 | D:12     | Got the Papyrus of Execration
 59219 | Slime:2  | Noticed Dissolution
 59465 | Vaults:1 | Reached skill level 6 in Spellcasting
 59467 | Vaults:1 | Reached XP level 23. HP: 180/180 MP: 34/34
 59663 | Vaults:1 | Reached skill level 15 in Fighting
 59854 | Vaults:1 | Found Dyfo's Book Shoppe.
 59942 | Vaults:1 | Reached skill level 7 in Spellcasting
 61324 | Vaults:2 | Reached skill level 8 in Spellcasting
 61519 | Vaults:2 | Reached skill level 16 in Fighting
 62286 | Vaults:2 | Reached skill level 9 in Spellcasting
 62291 | Vaults:2 | Found a staircase to the Crypt.
 63220 | Vaults:2 | Reached skill level 10 in Spellcasting
 63323 | Vaults:2 | Reached skill level 17 in Fighting
 64051 | Vaults:3 | Reached skill level 20 in Crossbows
 64168 | Vaults:3 | Reached XP level 24. HP: 181/195 MP: 37/37
 64619 | Vaults:3 | Reached skill level 11 in Spellcasting
 64987 | Vaults:3 | Identified the +2 robe "Ythazuti" {rF+}
 65076 | Vaults:3 | You are cast into the Abyss!
 65076 | Vaults:3 | Cast into level 2 of the Abyss (a wizard)
 65331 | Abyss:2  | Reached skill level 18 in Fighting
 65372 | Vaults:3 | You pass through the gate.
 65372 | Vaults:3 | Escaped the Abyss
 65668 | Vaults:3 | Found Laevirae's Distillery.
 65682 | Vaults:3 | Identified a potion of experience
 65697 | Vaults:3 | Reached skill level 12 in Spellcasting
 65697 | Vaults:3 | Reached XP level 25. HP: 205/205 MP: 38/39
 66399 | Vaults:4 | Noticed Xtahua
 66408 | Vaults:4 | Killed Xtahua
 66899 | Vaults:4 | Reached skill level 13 in Spellcasting
 66900 | Vaults:4 | Reached skill level 19 in Fighting
 68005 | Crypt:1  | Entered Level 1 of the Crypt
 68177 | Crypt:1  | Noticed a curse skull
 68179 | Crypt:1  | Killed a curse skull
 68244 | Crypt:1  | Found a large runed translucent door.
 68244 | Crypt:1  | Found a large runed translucent door.
 68291 | Crypt:1  | Found an ancient bone altar of Kikubaaqudgha.
 68832 | Crypt:1  | Found the ring of the Octopus King
 68833 | Crypt:1  | Noticed Zogul's ghost (veteran MiGl)
 69015 | Crypt:2  | Noticed Jory
 69075 | Crypt:2  | Killed Jory
 69076 | Crypt:2  | Reached skill level 14 in Spellcasting
 69146 | Crypt:2  | Reached XP level 26. HP: 217/217 MP: 41/41
 69265 | Crypt:2  | Identified the +7 chain mail of the Game of Kings {rN+
                  | Will+ Int-2 Dex+4}
 69301 | Crypt:2  | Reached skill level 21 in Crossbows
 69305 | Crypt:2  | Reached skill level 20 in Fighting
 69435 | Crypt:2  | Noticed a curse skull
 69442 | Crypt:2  | Killed a curse skull
 69456 | Crypt:2  | Noticed Boris
 69470 | Crypt:2  | Killed Boris
 69988 | Crypt:3  | Entered Level 3 of the Crypt
 70092 | Crypt:3  | Reached skill level 1 in Translocations
 70114 | Crypt:3  | Reached skill level 1 in Hexes
 70209 | Crypt:3  | Reached skill level 2 in Translocations
 70280 | Crypt:3  | Reached skill level 2 in Hexes
 70511 | Crypt:3  | Reached skill level 3 in Translocations
 70724 | Crypt:3  | Found a staircase to the Tomb.
 70764 | Crypt:3  | Found a runed translucent door.
 70765 | Crypt:3  | Noticed Rielappo's ghost (veteran FoFi)
 70832 | Crypt:3  | Reached skill level 3 in Hexes
 71017 | Crypt:3  | Reached skill level 4 in Translocations
 71031 | Crypt:3  | Reached skill level 4 in Hexes
 71084 | Crypt:3  | Identified the +1 chain mail "Qaucsas" {rElec Dex+2}
 71268 | Crypt:3  | Noticed a dread lich
 71271 | Crypt:3  | Killed a dread lich
 71277 | Crypt:3  | Identified the ring "Keumy" {rF+ Str+3 Slay+2 Stlth+}
 71301 | Crypt:3  | Got Goiwig's Compendium of Transformation
 71322 | Crypt:3  | Reached skill level 5 in Hexes
 71418 | Crypt:3  | Killed Rielappo's ghost
 71419 | Crypt:3  | Reached skill level 5 in Translocations
 71520 | Crypt:3  | Identified the +7 whip of Tender Mercy {flame, Will+++
                  | Str-4 Dex+3}
 71532 | Crypt:3  | Acquired the ring "Jasme" {rElec rCorr Slay+4}
 71535 | Crypt:3  | Acquired a scarf of repulsion
 71639 | Tomb:1   | Entered Level 1 of the Tomb of the Ancients
 72016 | Tomb:1   | Reached skill level 21 in Fighting
 72749 | Tomb:1   | Noticed a royal mummy
 72836 | Tomb:1   | Noticed a royal mummy
 72838 | Tomb:1   | Killed a royal mummy
 73245 | Hell     | Reached skill level 6 in Hexes
 73245 | Hell     | Reached XP level 27. HP: 226/228 MP: 16/41
 73403 | Depths:1 | Reached skill level 7 in Hexes
 73643 | Depths:1 | Reached skill level 8 in Hexes
 73820 | Hell     | Killed Geryon
 73821 | Hell     | Reached skill level 22 in Crossbows
 73823 | Hell     | Reached skill level 9 in Hexes
 73875 | Hell     | Found a gateway to the decaying netherworld of Tartarus.
 73906 | Hell     | Reached skill level 10 in Hexes
 74009 | Hell     | Found a gateway to the freezing wastes of Cocytus.
 74139 | Hell     | Reached skill level 11 in Hexes
 74195 | Hell     | Found a gateway to the ashen valley of Gehenna.
 74342 | Hell     | Learned a level 3 spell: Portal Projectile
 74458 | Hell     | Reached skill level 12 in Hexes
 74609 | Hell     | Found a gateway to the Iron City of Dis.
 75209 | Elf:3    | Entered Level 3 of the Elven Halls
 75276 | Elf:3    | Reached skill level 13 in Hexes
 75470 | Elf:3    | Reached skill level 14 in Hexes
 75543 | Elf:3    | Reached skill level 22 in Fighting
 75776 | Elf:3    | Reached skill level 15 in Hexes
 75946 | Elf:3    | Identified the amulet of Foffunoa {RegenMP Will+ Dex-4
                  | Stlth+}
 76092 | Elf:3    | Acquired 569 gold pieces
 76316 | Vaults:1 | Bought a manual of Fighting for 1520 gold pieces
 76810 | Elf:3    | Identified a +2 robe of resistance
 76810 | Elf:3    | Noticed Mara
 76822 | Elf:3    | Noticed jdsmith2816's illusion
 76827 | Elf:3    | Killed Mara
 77124 | Elf:3    | Identified the +9 plate armour "Xaleotziesh" {rF- Will+
                  | Str+4 Int+4}
 77127 | Elf:3    | Identified the +1 robe of Keodiwk {Harm rElec rF- Int+5}
 77128 | Elf:3    | Identified the +0 great sword "Boupsu" {vorpal, Int+4
                  | Dex-4}
 77435 | Depths:2 | Reached skill level 16 in Hexes
 77566 | Depths:2 | Identified the +7 spear "Qytedosm" {elec, rElec rPois Will+
                  | Int+2}
 77568 | Depths:2 | Noticed a caustic shrike
 77576 | Depths:2 | Killed a caustic shrike
 77764 | Depths:2 | Reached skill level 17 in Hexes
 78152 | Depths:2 | Reached skill level 23 in Fighting
 78308 | Depths:2 | You fall into a shaft and drop 2 floors!
 78308 | Depths:4 | Entered Level 4 of the Depths
 78308 | Depths:4 | Found a hazy altar of Hepliaklqana.
 78549 | Depths:2 | Found a hide-covered altar of Uskayaw.
 78577 | Depths:2 | Found a corrupted altar of Lugonu.
 79069 | Depths:2 | Reached skill level 18 in Hexes
 79148 | Depths:2 | Reached skill level 23 in Crossbows
 79200 | Depths:2 | Found Rukheweu's Book Emporium.
 79200 | Depths:2 | Found Ronofah's Jewellery Boutique.
 79201 | Depths:2 | Found Jelas's Jewellery Boutique.
 79208 | Depths:2 | Bought a book of Fire for 484 gold pieces
 79611 | Depths:3 | Found a gateway to a ziggurat.
 80171 | Depths:3 | Killed from afar by a frost giant

Vanquished Creatures
  A dread lich (Crypt:3)
  Mara (Elf:3)
  Boris (Crypt:2)
  Xtahua (Vaults:4)
  The ghost of Rielappo the Executioner, a veteran FoFi of Dithmenos (Crypt:3)
  A caustic shrike (Depths:2)
  Geryon (Hell)
  2 golden dragons
  Jory (Crypt:2)
  A bone dragon (Crypt:3)
  2 tentacled monstrosities
  3 liches
  A quicksilver dragon (Abyss:1)
  2 deep elf master archers (Elf:3)
  An acid blob (Lair:5)
  2 deep elf blademasters (Elf:3)
  5 sphinxes
  Kirke (Swamp:1)
  3 thorn hunters
  3 shadow dragons
  2 tentacled starspawn
  9 ancient champions
  2 tengu reavers
  5 revenants
  2 rockslimes
  3 fire giants
  2 nagarajas (Snake:4)
  5 deep elf sorcerers
  A draconian knight (WizLab)
  8 vault wardens
  An emperor scorpion (D:15)
  3 iron dragons
  Louise (Swamp:1)
  2 orc warlords
  2 caustic shrike zombies
  The ghost of Bykhliel the Ninja, an adept SpEn of Wu Jian (Snake:2)
  A cacodemon (Hell)
  8 frost giants
  4 deep elf elementalists
  A juggernaut skeleton (Crypt:3)
  2 caustic shrike skeletons (Crypt:3)
  A quicksilver ooze (Lair:5)
  2 curse skulls
  10 ironbound preservers
  6 reapers
  2 draconian stormcallers
  23 very ugly things
  2 war gargoyles
  13 ghouls
  11 stone giants
  A bennu (Tomb:1)
  9 deep elf demonologists
  7 vampire knights
  5 dire elephants
  A minotaur (Gauntlet)
  4 deep elf annihilators (Elf:3)
  Azrael (Snake:3)
  9 spark wasps
  A white draconian (Abyss:2)
  4 bunyips
  A lorocyproca (Hell)
  The ghost of Hypnoxylon the Severer, a journeyman HOMo of Zin (D:12)
  5 eleionomae
  Snorg (Lair:6)
  10 deep elf death magi
  4 ettins
  2 green deaths
  3 iron golems (Hell)
  3 eidola
  3 blizzard demons
  2 mummy priests (Tomb:1)
  Josephine (Swamp:1)
  2 deep elf high priests (Elf:3)
  A quicksilver dragon zombie (Hell)
  6 fire dragons
  11 great orbs of eyes
  15 jiangshi
  A fenstrider witch zombie (Abyss:1)
  11 yaktaur captains
  Erolcha (D:10)
  5 spriggan air magi
  A hell beast (Hell)
  A peacekeeper (Vaults:2)
  24 hydras
  Fannar (D:10)
  4 rakshasas
  2 salamander tyrants (Snake:4)
  10 naga warriors
  6 centaur warriors
  4 boulder beetles
  6 vault guards
  2 ghost crabs
  4 ironbound thunderhulks
  10 ice dragons
  3 death knights
  3 ironbound frosthearts
  8 two-headed ogres
  4 anacondas
  12 death yaks
  18 dancing weapons
  6 thrashing horrors
  3 death scarabs (Tomb:1)
  10 deep troll shamans
  9 alligators
  4 hell hogs
  6 shock serpents
  7 tengu warriors
  8 vampire magi
  Urug (Orc:1)
  10 deep troll earth magi
  10 naga sharpshooters
  8 hell knights
  12 sun demons
  The ghost of Asuyte the Slicer, a journeyman VSVM of Cheibriados (Lair:3)
  8 deep elf knights
  Sonja (Orc:1)
  5 soul eaters
  2 spriggan berserkers
  6 titan skeletons (Crypt:3)
  5 wretched stars
  3 salamander mystics
  A sixfirhy (Abyss:1)
  4 shadow wraiths
  23 skeletal warriors
  7 iron trolls
  5 sea snakes (Snake:3)
  A fire crab (Lair:4)
  An anaconda zombie (Hell)
  A golden dragon zombie (Crypt:1)
  2 storm dragon skeletons (Crypt:3)
  A death drake (Gauntlet)
  9 goliath frogs
  46 deep trolls
  18 wizards
  9 large abominations
  4 spriggan druids
  4 glowing orange brains
  2 bunyip zombies (Crypt:2)
  10 naga ritualists
  6 flayed ghosts
  2 bunyip skeletons
  15 swamp dragons
  7 bog bodies
  8 phantasmal warriors
  2 anaconda skeletons
  7 deep elf archers
  24 deep elf pyromancers
  5 harpies (Vaults:2)
  14 ironbound convokers
  9 lindwurms
  An obsidian statue (IceCv)
  An orb spider (Abyss:2)
  A sphinx zombie (Crypt:2)
  8 orc knights
  9 necromancers
  19 mana vipers
  2 cyclopes
  3 worldbinders
  A stone giant zombie (Abyss:3)
  47 ugly things
  26 deep elf zephyrmancers
  A stone giant skeleton (Crypt:2)
  A shining eye (Abyss:1)
  5 orc sorcerers
  3 manticores (D:15)
  A will-o-the-wisp (Swamp:3)
  20 salamanders
  A spectral centaur (Gauntlet)
  An eye of devastation (Abyss:1)
  38 black mambas
  15 vault sentinels
  A moth of wrath (Swamp:4)
  An apocalypse crab (Abyss:2)
  8 rust devils
  19 naga magi
  4 guardian serpents
  2 ice statues
  7 molten gargoyles (Hell)
  An alligator snapping turtle zombie (Crypt:2)
  2 torpor snails
  4 cane toads
  A gargoyle (D:12)
  A shock serpent skeleton (Crypt:3)
  3 dire elephant skeletons (Crypt:3)
  An orange demon (Hell)
  7 smoke demons
  3 spriggan skeletons (Crypt:3)
  An unseen horror (Abyss:3)
  37 yaktaurs
  An efreet (Abyss:2)
  A hellion (Hell)
  6 komodo dragons
  5 freezing wraiths
  3 kobold demonologists (D:11)
  A tormentor (Abyss:1)
  A grey draconian zombie (Crypt:1)
  3 hellwings (Depths:2)
  A green draconian zombie (Crypt:2)
  2 rime drakes (Lair:6)
  3 anaconda simulacra (IceCv)
  A demonic crawler (Abyss:1)
  5 ice devils
  9 guardian mummies (Tomb:1)
  An entropy weaver simulacrum (IceCv)
  A golden dragon simulacrum (IceCv)
  2 harpy zombies
  A silent spectre (Abyss:3)
  3 tengu conjurers
  A red devil (Depths:2)
  7 ancient zymes
  A minotaur skeleton (Crypt:2)
  A redback zombie (Crypt:3)
  A grey draconian skeleton (Crypt:2)
  A hydra zombie (Abyss:1)
  A queen bee (D:12)
  8 trolls
  4 tyrant leeches
  9 meliai
  A hydra skeleton (Hell)
  18 slime creatures
  2 harpy skeletons
  An ice dragon zombie (Hell)
  5 polar bears (Lair:6)
  7 dream sheep
  A wolf spider simulacrum (D:14)
  2 alligator zombies (Hell)
  11 raiju
  26 blink frogs
  A jumping spider zombie (Crypt:2)
  20 hornets
  17 flying skulls
  A meliai zombie (Crypt:3)
  A guardian serpent skeleton (Crypt:2)
  28 spriggans
  A centaur simulacrum (Abyss:1)
  Sigmund (D:5)
  3 shadows
  3 air elementals
  2 spriggan simulacra (IceCv)
  4 ynoxinuls
  A naga simulacrum (Crypt:2)
  3 ushabtiu (Tomb:1)
  16 yaks
  4 fire bats (Gauntlet)
  5 water elementals
  4 wyverns
  3 ettin skeletons
  13 wraiths
  3 fire elementals
  4 hogs
  A dire elephant simulacrum (IceCv)
  4 basilisks
  7 vampire mosquitoes
  2 yaks (shapeshifter)
  A chaos spawn (Abyss:1)
  19 swamp worms
  5 wargs
  54 nagas
  2 spatial vortices (Abyss:3)
  3 harpy simulacra (IceCv)
  A water nymph zombie (Crypt:1)
  A floating eye (shapeshifter) (Vaults:4)
  A floating eye (Depths:2)
  9 hell hounds
  21 water moccasins
  A naga skeleton (Crypt:3)
  2 hydra simulacra
  8 swamp drakes
  An ettin simulacrum (IceCv)
  41 orc warriors
  5 black bears
  5 necrophages
  5 alligator simulacra
  A wolf (shapeshifter) (D:15)
  16 centaurs
  8 boggarts
  The ghost of ytrimaz the Shield-Bearer, an amateur DsFi (D:3)
  40 wolves
  6 ogres
  17 small abominations
  2 kobold brigands
  13 bullfrogs
  Blork the orc (D:6)
  A palentonga zombie (Crypt:3)
  A deep troll simulacrum (IceCv)
  A fire crab zombie (Crypt:2)
  A gnoll sergeant (D:6)
  5 earth elementals
  3 scorpions
  A water moccasin zombie (D:6)
  A polar bear zombie (Crypt:3)
  14 killer bees
  18 wights
  4 howler monkeys
  4 electric eels
  21 starcursed masses
  3 centaur zombies
  2 bullfrog zombies
  2 jellies
  20 orc priests
  A wolf skeleton (Crypt:1)
  2 bullfrog skeletons
  3 centaur skeletons
  A gnoll shaman (Orc:1)
  A hound (D:6)
  2 iron imps
  A basilisk skeleton (Crypt:2)
  21 orc wizards
  3 iguanas
  11 hell rats
  A killer bee zombie (D:7)
  A deep dwarf zombie (Crypt:1)
  2 hound skeletons
  9 mummies (Tomb:1)
  A howler monkey zombie (D:9)
  7 gnolls
  A swamp drake zombie (Crypt:1)
  5 adders
  2 howler monkey skeletons
  4 river rats (Lair:5)
  A steam dragon skeleton (Crypt:2)
  A swamp drake skeleton (Crypt:1)
  4 shadow imps
  7 white imps
  5 ufetubi
  A worm zombie (D:8)
  A halfling zombie (Crypt:1)
  A halfling skeleton (Crypt:1)
  65 orcs
  7 bats
  6 endoplasms
  2 giant cockroaches (D:4)
  8 hobgoblins
  4 quokkas
  4 ball pythons
  A dart slug zombie (Crypt:3)
  3 frilled lizards
  6 goblins
  A goblin zombie (Crypt:2)
  A jackal zombie (D:8)
  18 kobolds
  A kobold skeleton (Crypt:2)
  An orc skeleton (Crypt:3)
  An orc zombie (D:8)
  6 rats
  3 briar patches
  A butterfly (Lair:4)
2043 creatures vanquished.

Vanquished Creatures (collateral kills)
  A royal mummy (Tomb:1)
  A Head Instructor (WizLab)
  A bone dragon (Abyss:1)
  The ghost of Affed the Brawler, an adept TrGl of Ashenzari (Snake:2)
  Rupert (Lair:6)
  Asterion (Snake:1)
  The ghost of Jysajome the Bludgeoner, an adept OgCj of Ashenzari (Lair:4)
  4 liches
  A quicksilver dragon (WizLab)
  3 tentacled starspawn
  A sphinx (Tomb:1)
  A thorn hunter (Swamp:1)
  2 nagarajas (Snake:4)
  A ghost moth (Abyss:2)
  3 deep elf sorcerers (Elf:3)
  The ghost of Xayl the Thaumaturge, a journeyman GnWz of Sif Muna (Snake:2)
  A spriggan defender (Swamp:4)
  A draconian annihilator (Depths:4)
  The ghost of AttackTheMoon the Warrior, a journeyman VSBe of Trog (Swamp:4)
  A stone giant (Depths:2)
  An ophan (Abyss:1)
  A black draconian (Abyss:1)
  A deep elf annihilator (Elf:3)
  A vampire knight (WizLab)
  A bennu (Tomb:1)
  8 very ugly things
  A deep elf demonologist (Elf:1)
  A white draconian (Depths:4)
  An iron golem (Hell)
  A blizzard demon (Hell)
  2 green deaths
  A mummy priest (Tomb:1)
  5 naga warriors
  A rakshasa (Abyss:1)
  A ghost crab (Swamp:4)
  A hydra (Lair:4)
  2 spriggan air magi
  A salamander tyrant (Snake:4)
  An anaconda (Snake:2)
  8 dancing weapons (Elf:2)
  A centaur warrior (D:14)
  3 naga sharpshooters
  2 death scarabs (Tomb:1)
  A tengu warrior (D:14)
  2 hell hogs
  A vampire mage (Abyss:1)
  2 thrashing horrors (Abyss:3)
  A spriggan berserker (Swamp:4)
  5 deep elf knights
  2 shock serpents
  12 large abominations
  2 spriggans (Swamp:4)
  2 hell knights
  A soul eater (Hell)
  2 sun demons
  A fire crab (Gauntlet)
  A storm dragon zombie (Abyss:1)
  A skeletal warrior (Tomb:1)
  A shadow wraith (Depths:4)
  A spatial maelstrom (Abyss:3)
  3 wretched stars
  3 salamander mystics
  A deep elf archer (Elf:1)
  3 naga ritualists
  A flayed ghost (Abyss:2)
  3 bog bodies (IceCv)
  3 deep elf pyromancers (Elf:2)
  A deep elf zephyrmancer (Elf:2)
  2 necromancers
  A wizard (WizLab)
  6 mana vipers
  8 ugly things
  A cyclops (D:13)
  A manticore (D:13)
  2 will-o-the-wisps (Abyss:1)
  10 black mambas
  A moth of wrath (Swamp:4)
  2 smoke demons (Abyss:1)
  A centaur zombie (Gauntlet)
  3 worldbinders
  An apocalypse crab (Abyss:1)
  A spriggan zombie (Abyss:3)
  3 naga magi
  An orc skeleton (Hell)
  An unseen horror (Abyss:1)
  2 tengu conjurers (WizLab)
  A demonic crawler (Abyss:3)
  A redback zombie (Gauntlet)
  14 freezing wraiths
  A hellwing (Abyss:2)
  A golden dragon simulacrum (IceCv)
  A guardian mummy (Tomb:1)
  An ancient zyme (Abyss:1)
  A troll (D:13)
  A wolf spider simulacrum (D:15)
  A queen bee (Abyss:3)
  4 hornets (Swamp:4)
  4 raiju
  5 flying skulls
  A water elemental (Elf:1)
  4 wraiths
  4 ynoxinuls
  A fire bat (Gauntlet)
  3 dire elephant simulacra (IceCv)
  A neqoxec (Abyss:3)
  A vampire mosquito (D:14)
  A harpy simulacrum (IceCv)
  7 nagas
  A spatial vortex (Abyss:3)
  A hydra simulacrum (IceCv)
  3 hell hounds (Abyss:1)
  7 centaurs
  3 small abominations
  2 lindwurm simulacra (IceCv)
  9 starcursed masses
  A quasit (Abyss:1)
  2 mummies (Tomb:1)
  A white imp (Abyss:1)
  2 ufetubi
  A briar patch (Swamp:1)
  A starspawn tentacle (Abyss:1)
270 creatures vanquished.

Vanquished Creatures (others)
  A centaur warrior (D:13)
  2 sea snakes (Snake:3)
  A deep troll (Vaults:2)
  A rust devil (Hell)
  2 bloated husks
  A spriggan (Swamp:1)
  A hog (Swamp:1)
  A human (Swamp:1)
  A swamp drake (Swamp:4)
  An electric eel (Snake:3)
  4 briar patches
  8 foxfires
  27 fungi
  A lurking horror (Abyss:3)
  104 plants
  10 starspawn tentacles
166 creatures vanquished.

Grand Total: 2479 creatures vanquished

Table legend: (Time is in decaauts)
 A = Elapsed time spent in this place.
 B = Non-inter-level travel time spent in this place.
 C = Inter-level travel time spent in this place.
 D = Time resting spent in this place.
 E = Time spent auto-exploring this place.
 F = Levels seen in this place.
 G = Mean time per level.
                   A        B        C        D        E       F      G
               +--------+--------+--------+--------+--------+-----+--------+
         Total |  78958 |  68884 |  10074 |  13003 |  34327 |  59 | 1338.3 |
       Dungeon |  24213 |  18849 |   5364 |   2914 |  11339 |  15 | 1614.2 |
        Temple |    503 |    465 |     38 |      0 |    459 |   1 |  503.0 |
          Lair |  10270 |   8250 |   2020 |   1552 |   3863 |   6 | 1711.7 |
         Swamp |   3972 |   3819 |    153 |    268 |   2231 |   4 |  993.0 |
     Snake Pit |   8938 |   8504 |    434 |   2790 |   3419 |   4 | 2234.5 |
    Slime Pits |    106 |    106 |      0 |      5 |      0 |   2 |   53.0 |
  Orcish Mines |   2915 |   2638 |    277 |    940 |    834 |   2 | 1457.5 |
   Elven Halls |   5200 |   4817 |    383 |   1396 |   1944 |   3 | 1733.3 |
        Vaults |   7891 |   7136 |    755 |    940 |   4659 |   4 | 1972.8 |
         Crypt |   3686 |   3319 |    367 |    106 |   2193 |   3 | 1228.7 |
          Tomb |   1214 |   1214 |      0 |    474 |    101 |   1 | 1214.0 |
        Depths |   4476 |   4199 |    277 |    814 |   2078 |   4 | 1119.0 |
          Hell |   1206 |   1204 |      2 |     86 |    428 |   1 | 1206.0 |
         Abyss |   2322 |   2322 |      0 |    326 |    231 |   5 |  464.4 |
         Trove |     71 |     71 |      0 |      0 |      0 |   1 |   71.0 |
      Ice Cave |    953 |    953 |      0 |    264 |    264 |   1 |  953.0 |
        Wizlab |    515 |    515 |      0 |     41 |    149 |   1 |  515.0 |
      Gauntlet |    501 |    501 |      0 |     87 |    132 |   1 |  501.0 |
               +--------+--------+--------+--------+--------+-----+--------+

Top non-repeatable levels by time:
     D:6: 3204 daAuts
Vaults:2: 2847 daAuts
    D:10: 2828 daAuts
 Snake:2: 2769 daAuts
   Elf:1: 2675 daAuts
 Snake:4: 2608 daAuts
    D:11: 2274 daAuts
     D:7: 2169 daAuts
  Lair:3: 2121 daAuts
Depths:1: 2111 daAuts
  Lair:4: 2092 daAuts
Vaults:1: 2045 daAuts
     D:3: 2006 daAuts
 Snake:1: 1842 daAuts
 Snake:3: 1718 daAuts

Table legend:
 A = Non-vault XP
 B = Vault XP
 C = Vault XP percentage of total XP
 D = Non-vault monster count
 E = Vault monster count
 F = Vault count percentage of total count
                 A         B        C        D         E       F
            +---------+---------+-------+---------+---------+-------
      Total |  675275 |  501340 |  42.6 |    1471 |     837 |  36.3
            +---------+---------+-------+---------+---------+-------
        D:1 |      30 |       0 |   0.0 |      19 |       0 |   0.0
        D:2 |       9 |       0 |   0.0 |       6 |       0 |   0.0
        D:3 |     225 |     225 |  50.0 |      24 |      10 |  29.4
        D:4 |     127 |       0 |   0.0 |      11 |       0 |   0.0
        D:5 |     885 |     220 |  19.9 |      21 |       1 |   4.5
        D:6 |     740 |     271 |  26.8 |      23 |       2 |   8.0
        D:7 |     852 |       0 |   0.0 |      17 |       0 |   0.0
        D:8 |     572 |    2934 |  83.7 |       8 |      19 |  70.4
        D:9 |    2609 |       3 |   0.1 |      25 |       1 |   3.8
       D:10 |    4695 |    2439 |  34.2 |      35 |      12 |  25.5
       D:11 |    5246 |       0 |   0.0 |      20 |       0 |   0.0
       D:12 |    3055 |    2168 |  41.5 |      10 |       9 |  47.4
       D:13 |    7166 |    2755 |  27.8 |      19 |       4 |  17.4
       D:14 |    5228 |       0 |   0.0 |      15 |       0 |   0.0
       D:15 |   18334 |    3252 |  15.1 |      31 |       4 |  11.4
     Lair:1 |    2954 |       0 |   0.0 |      20 |       0 |   0.0
     Lair:2 |    6654 |     965 |  12.7 |      18 |       7 |  28.0
     Lair:3 |    9195 |    5113 |  35.7 |      34 |      12 |  26.1
     Lair:4 |    6845 |    4592 |  40.2 |      16 |      12 |  42.9
     Lair:5 |   11124 |    4762 |  30.0 |      17 |      28 |  62.2
     Lair:6 |    6890 |   12082 |  63.7 |      24 |      50 |  67.6
    Swamp:1 |   10023 |   10627 |  51.5 |      16 |      21 |  56.8
    Swamp:2 |    9040 |       0 |   0.0 |      14 |       0 |   0.0
    Swamp:3 |   13564 |    1604 |  10.6 |      23 |       2 |   8.0
    Swamp:4 |   17725 |   24430 |  58.0 |      32 |      41 |  56.2
    Snake:1 |   17729 |    7464 |  29.6 |      39 |      13 |  25.0
    Snake:2 |   18879 |    5594 |  22.9 |      40 |       5 |  11.1
    Snake:3 |   22731 |    9444 |  29.4 |      49 |      18 |  26.9
    Snake:4 |   33747 |   14303 |  29.8 |      64 |      25 |  28.1
    Slime:1 |    2239 |       0 |   0.0 |       2 |       0 |   0.0
      Orc:1 |    5816 |    2761 |  32.2 |      40 |      11 |  21.6
      Orc:2 |    2385 |    4101 |  63.2 |      18 |      27 |  60.0
      Elf:1 |   20311 |    4485 |  18.1 |      33 |       8 |  19.5
      Elf:2 |    6886 |   24124 |  77.8 |      13 |      33 |  71.7
      Elf:3 |   18540 |   37718 |  67.0 |      30 |      32 |  51.6
   Vaults:1 |   28194 |    6981 |  19.8 |      42 |      10 |  19.2
   Vaults:2 |   26296 |   34843 |  57.0 |      50 |      46 |  47.9
   Vaults:3 |   33653 |    6963 |  17.1 |      45 |       8 |  15.1
   Vaults:4 |    7123 |   30499 |  81.1 |      13 |      41 |  75.9
    Crypt:1 |   23272 |       0 |   0.0 |      34 |       0 |   0.0
    Crypt:2 |   37078 |    9849 |  21.0 |      61 |       9 |  12.9
    Crypt:3 |   21804 |   44340 |  67.0 |      33 |      60 |  64.5
     Tomb:1 |   13486 |   12203 |  47.5 |      44 |      11 |  20.0
   Depths:1 |   41686 |   13881 |  25.0 |      45 |      17 |  27.4
   Depths:2 |   28348 |   36408 |  56.2 |      34 |      41 |  54.7
   Depths:3 |   11357 |   19640 |  63.4 |      14 |      18 |  56.2
   Depths:4 |    4425 |   10857 |  71.0 |       5 |      13 |  72.2
       Hell |   20128 |   33186 |  62.2 |      26 |      47 |  64.4
    Abyss:1 |   48845 |       0 |   0.0 |     120 |       0 |   0.0
    Abyss:2 |   18373 |    3183 |  14.8 |      41 |       7 |  14.6
    Abyss:3 |   18157 |    5241 |  22.4 |      38 |      10 |  20.8
      IceCv |       0 |   17572 | 100.0 |       0 |      51 | 100.0
     WizLab |       0 |   22133 | 100.0 |       0 |      28 | 100.0
   Gauntlet |       0 |    5125 | 100.0 |       0 |      13 | 100.0
            +---------+---------+-------+---------+---------+-------
